 Dungeon Crawl Stone Soup version 0.26.1-2-gb8aa6d0cf2 (webtiles) character file.

Game seed: 17551830372156731032

210 Almogavar the Slasher (level 5, -2/47 HPs)
             Began as a Minotaur Berserker on Mar 30, 2021.
             Was a Believer of Trog.
             Killed from afar by an orc wizard (3 damage)
             ... with a magic dart
             ... on level 4 of the Dungeon.
             The game lasted 00:04:21 (1738 turns).

Almogavar the Slasher (Minotaur Berserker)          Turns: 1738, Time: 00:04:23

Health: -2/47      AC:  5    Str: 22    XL:     5   Next: 57%
Magic:  0/4        EV: 12    Int:  4    God:    Trog [**....]
Gold:   82         SH:  0    Dex: 10    Spells: 4/4 levels left

rFire    . . .     SeeInvis .   a - +0 falchion
rCold    . . .     Faith    .   (no shield)
rNeg     + . .     Spirit   +   d - +0 ring mail
rPois    .         Reflect  .   (helmet restricted)
rElec    .         Harm     .   (no cloak)
rCorr    .         Rampage  .   (no gloves)
Will     .....                  (no boots)
Stlth    ..........             k - amulet of guardian spirit
HPRegen  0.15/turn              m - ring of positive energy
MPRegen  0.09/turn              (no ring)

@: berserk cooldown, slowed, very slow
A: retaliatory headbutt, horns 2
a: Renounce Religion, Berserk, Trog's Hand


You were on level 4 of the Dungeon.
You worshipped Trog.
Trog was pleased with you.
You visited 1 branch of the dungeon, and saw 4 of its levels.

You collected 82 gold pieces.

Inventory:

Hand Weapons
 a - a +0 falchion (weapon)
 h - a +0 hunting sling
Missiles
 i - 97 stones
Armour
 d - a +0 ring mail (worn)
 e - a +0 chain mail
Jewellery
 k - an amulet of guardian spirit (around neck)
 m - a ring of positive energy (left hand)
Wands
 n - a wand of random effects (12)
Scrolls
 f - 2 scrolls of teleportation
 g - 3 scrolls of identify
 j - a scroll of enchant armour
 l - a scroll of blinking
Potions
 c - 2 potions of mutation
 o - a potion of lignification


   Skills:
 + Level 4.8 Fighting
 + Level 5.3 Long Blades
 + Level 4.0 Armour
 + Level 3.4 Dodging


You had 4 spell levels left.
You didn't know any spells.
Your spell library was empty.

Dungeon Overview and Level Annotations

Branches:
Dungeon (3/15)

Altars:
Nemelex Xobeh


Innate Abilities, Weirdness & Mutations

You reflexively headbutt those who attack you in melee.
You have a pair of horns on your head.


Message History

Found a leather armour.
You are no longer berserk.
You are exhausted.
You feel yourself slow down.
Things that are here:
a +0 club; a +0 leather armour The orc wizard hits you but does no damage.
The orc wizard gestures at you while chanting.
The magic dart hits you!
* * * LOW HITPOINT WARNING * * *
Things that are here:
a +0 club; a +0 leather armour You hit the orc wizard.
The orc wizard is lightly wounded.
The orc wizard hits you with a +0 dagger.
* * * LOW HITPOINT WARNING * * *
The orc wizard hits you but does no damage.
The orc wizard casts a spell at you. The magic dart hits you.
You die...

##....... ...#
##........ ...##
.......... #....#
.....$....#....
...[. ...... .
#.$. ...# ...
##...###..#.....
##...#.@oB.......
#......†##.......
#......)##
....... #...##..#
..#.[.. ### #..#
..# .#. .... [..
# ###.. ##.. ###
..


You could see a worker ant and an orc wizard (fast).

Vanquished Creatures
  A scorpion (D:4)
  An orc priest (D:4)
  Jessica (D:2)
  3 adders
  3 gnolls (D:3)
  A dart slug (D:1)
  4 orcs
  3 bats
  3 goblins (D:1)
  8 hobgoblins
  6 jackals
  5 kobolds
  A ball python (D:1)
  4 frilled lizards
  2 rats (D:1)
46 creatures vanquished.

Notes
Turn   | Place    | Note
-------+----------+-------------------------------------------
     0 | D:1      | Almogavar the Minotaur Berserker began the quest for the
                  | Orb.
     0 | D:1      | Reached XP level 1. HP: 19/19 MP: 0/0
   167 | D:1      | Reached XP level 2. HP: 27/27 MP: 1/1
   208 | D:1      | Reached skill level 4 in Long Blades
   767 | D:2      | Reached XP level 3. HP: 33/33 MP: 2/2
   788 | D:2      | Reached ** piety under Trog
   913 | D:2      | Found a sparkling altar of Nemelex Xobeh.
   984 | D:2      | Noticed Jessica
   985 | D:2      | Killed Jessica
   986 | D:2      | Reached XP level 4. HP: 41/41 MP: 3/3
  1712 | D:3      | You fall into a shaft and drop 1 floor!
  1724 | D:4      | Reached skill level 5 in Long Blades
  1724 | D:4      | Reached XP level 5. HP: 17/47 MP: 1/4
  1737 | D:4      | HP: 2/47 [orc wizard/magic dart (7)]
  1738 | D:4      | Killed from afar by an orc wizard

Illustrated notes

Levels and vault maps discovered:
D:1:      scummos_arrival_simple_crosswalls, layout_basic
D:2:      layout_basic, nemelex_spade_bored_becter, uniq_jessica
D:3:      layout_basic, general_overflow_altar, hex_tiny,
          minmay_misc_feat_rugged
D:4:      layout_cave_pools, ebering_ghost_sewer_d, tgw_xom

Skill      XL: |  1  2  3  4  5 |
---------------+----------------+-----
Fighting       | 4 |  4.8
Long Blades    | 4 5 |  5.3
Armour         | 3 4 |  4.0
Dodging        | 3 |  3.4

Action                   |  1- 3 |  4- 6 || total
-------------------------+-------+-------++-------
Melee: Falchion          |    60 |    38 ||    98
       Headbutt          |     6 |     9 ||    15
Invok: Berserk           |       |     1 ||     1
  Use: Scroll            |     4 |     5 ||     9
Armor: Animal skin       |     1 |       ||     1
       Ring mail         |    15 |    10 ||    25
Dodge: Dodged            |    39 |    24 ||    63
       Rpst.: Falchion   |    12 |     7 ||    19
